 Dungeon Crawl Stone Soup version 0.25.0-37-gb73750e0fb (webtiles) character file.

Game seed: 168134605157627564

189 protoss039 the Digger (level 5, -2/28 HPs)
             Began as a Deep Elf Earth Elementalist on July 9, 2020.
             Slain by an orc (4 damage)
             ... on level 4 of the Dungeon.
             The game lasted 00:05:39 (2652 turns).

protoss039 the Digger (Deep Elf Earth Elementalist) Turns: 2652, Time: 00:05:40

Health: -2/28      AC:  6    Str:  5    XL:     5   Next: 40%
Magic:  6/14       EV: 13    Int: 21    God:
Gold:   259        SH:  0    Dex: 15    Spells: 8/14 levels left

rFire    . . .     SeeInvis .   e - +0 dagger
rCold    . . .     Gourm    .   (no shield)
rNeg     . . .     Faith    .   c - +0 robe
rPois    .         Spirit   .   a - +2 helmet
rElec    .         Reflect  .   (no cloak)
rCorr    .         Harm     .   (no gloves)
MR       .....                  j - +0 pair of boots
Stlth    ++........             (no amulet)
HPRegen  0.09/turn              (no ring)
MPRegen  0.14/turn              (no ring)

@: stab
A: no striking features
a: no special abilities


You were on level 4 of the Dungeon.
You were not hungry.

You visited 1 branch of the dungeon, and saw 4 of its levels.

You collected 259 gold pieces.

Inventory:

Hand Weapons
 e - a +0 dagger (weapon)
Missiles
 b - 61 stones (quivered)
Armour
 a - a +2 helmet (worn)
 c - a +0 robe (worn)
 j - a +0 pair of boots (worn)
 o - a +0 leather armour
Scrolls
 f - 2 scrolls of blinking {unknown}
 h - 2 scrolls of teleportation {unknown}
 i - a scroll of noise {unknown}
 k - 4 scrolls of identify {unknown}
 l - a scroll of magic mapping {unknown}
 n - a scroll of enchant armour {unknown}
 p - 3 scrolls of remove curse {unknown}
 t - a scroll of vulnerability {unknown}
Potions
 q - a potion of curing {unknown}
 r - a potion of degeneration {unknown}
 s - a potion of brilliance {unknown}
 u - a potion of heal wounds {unknown}
 v - a potion of haste {unknown}
Comestibles
 d - 8 rations
 m - a chunk of flesh


   Skills:
 + Level 0.6 Fighting
 * Level 1.0 Armour
 - Level 3.0 Dodging
 - Level 3.0 Stealth
 + Level 5.0 Spellcasting
 - Level 1.1 Transmutations
 - Level 5.0 Earth Magic


You had 8 spell levels left.
You knew the following spells:

 Your Spells              Type           Power        Failure   Level  Hunger
a - Sandblast             Erth           ####..       1%          1    None
b - Passwall              Tmut/Erth      ###.....     4%          2    None
c - Stone Arrow           Conj/Erth      ###...       12%         3    ##.....

Your spell library contained the following spells:

 Spells                   Type           Power        Failure   Level  Hunger
 Petrify                  Tmut/Erth      ###.....     30%         4    ####...
 Lee's Rapid Deconstruct  Erth           ####......   36%         5    #####..


Dungeon Overview and Level Annotations

Branches:
Dungeon (4/15)
 Temple: D:4-7

Altars:


Message History

Casting: Sandblast (safe; 1% risk of failure)
Confirm with . or Enter, or press ? or * to list all spells.
Aiming: Sandblast (safe; 1% risk of failure)
Press: ? - help, Shift-Dir - straight line, f/p - orc
Aim: an orc, wearing a +0 scale mail (heavily wounded)
The blast of sand hits the orc but does no damage.
The orc is heavily wounded.
b - 61 stones The orc closely misses you.
Unknown command.
Unknown command.
The orc priest invokes the aid of Beogh against you.
Beogh smites you!
* * * LOW HITPOINT WARNING * * *
Unknown command.
Okay, then.
It was a potion of stabbing.
You feel ready to backstab. The orc completely misses you. The orc hits you.
You die...

'................#.....#.##.##.#
#......#.....##..#.....#.##.##.#
.......#.....##.รท#.....#.##.##.#
...#####.....###.#.....#.##.##.#
..(....'.....# #.##.........##.#
...#####.....# #..#.####.#### .#
...# #.....# #..#.####+#
...#####.##### #..#.......
.......#.# #@.#........
.......#.# #oo#.........
.......#.# #..#$.........
.......#.# #.o)...o.....(.
.......# #.#.............
.......# #.#........ ########
#.#........ #.##......) #.
.......


You could see an orc priest and 2 orcs.

Vanquished Creatures
  An orc priest (D:4)
  A worker ant (D:3)
  A hound skeleton (D:4)
  6 adders
  A dart slug (D:2)
  2 orcs
  2 ball pythons (D:3)
  3 bats
  6 giant cockroaches
  8 goblins
  5 hobgoblins
  3 jackals (D:2)
  3 quokkas
  4 frilled lizards
  3 kobolds
  25 rats
74 creatures vanquished.

Notes
Turn   | Place    | Note
-------+----------+-------------------------------------------
     0 | D:1      | protoss039 the Deep Elf Earth Elementalist began the quest
                  | for the Orb.
     0 | D:1      | Reached XP level 1. HP: 10/10 MP: 6/6
   488 | D:1      | Reached XP level 2. HP: 15/15 MP: 8/8
   900 | D:2      | Reached XP level 3. HP: 15/19 MP: 6/9
  1001 | D:2      | You fall into a shaft and drop 2 floors!
  1021 | D:4      | Learned a level 2 spell: Passwall
  1025 | D:4      | Learned a level 3 spell: Stone Arrow
  1220 | D:2      | Reached XP level 4. HP: 22/24 MP: 8/11
  2233 | D:3      | Reached XP level 5. HP: 28/28 MP: 10/13
  2575 | D:4      | Reached skill level 5 in Earth Magic
  2647 | D:4      | Reached skill level 1 in Armour
  2647 | D:4      | Reached skill level 5 in Spellcasting
  2652 | D:4      | Slain by an orc

Illustrated notes

Levels and vault maps discovered:
D:1:      scummos_arrival_checkerplants, layout_basic, kennysheep_boxes
D:2:      layout_loops_ring, minmay_rat_hole
D:3:      layout_rooms, kennysheep_small_spiral
D:4:      layout_basic, enter_ossuary_5, grunt_decor_cap

Skill      XL: |  1  2  3  4  5 |
---------------+----------------+-----
Dodging        | 3 |  3.0
Earth Magic    | 4 5 |  5.0
Stealth        | 3 |  3.0
Spellcasting   | 4 5 |  5.0
Armour         | 1 |  1.0
Fighting       | |  0.6
Transmutations | |  1.1

Action                   |  1- 3 |  4- 6 || total
-------------------------+-------+-------++-------
Melee: Dagger            |    37 |    50 ||    87
       Unarmed           |     2 |       ||     2
 Cast: Sandblast         |    21 |    55 ||    76
       Stone Arrow       |       |     1 ||     1
  Use: Potion            |       |     1 ||     1
 Stab: Sleeping          |     6 |     3 ||     9
  Eat: Chunk             |     1 |     4 ||     5
Armor: Robe              |    11 |    34 ||    45
Dodge: Dodged            |    36 |    68 ||   104
